 Dungeon Crawl Stone Soup version 0.23.0-3-gf3c87f2 (webtiles) character file.

Game seed: 17374329152218965637

652352 vishdafish the Wrestler (level 27, -7/242 HPs)
             Began as a Gnoll Fighter on Feb 22, 2019.
             Was the Champion of Yredelemnul.
             Killed from afar by a storm dragon (30 damage)
             ... with a bolt of lightning
             ... on level 4 of the Realm of Zot on Feb 23, 2019.
             The game lasted 04:31:02 (73074 turns).

vishdafish the Wrestler (Gnoll Fighter)            Turns: 73074, Time: 04:31:05

Health: -7/242     AC: 41    Str: 20    XL:     27
Magic:  10/45      EV: 15    Int: 18    God:    Yredelemnul [******]
Gold:   6027       SH: 32    Dex: 19    Spells: 23/62 levels left

rFire    + . .     SeeInvis +   K - +9 sword of Zonguldrok {reap}
rCold    + . .     Gourm    .   V - +10 large shield of Ignorance {rN+ Int-4}
rNeg     + + .     Faith    .   s - +5 gold dragon scales
rPois    +         Spirit   .   x - +2 helmet of the Trombone {rPois rCorr SInv}
rElec    .         Reflect  .   E - +2 cloak {MR+}
rCorr    +         Harm     .   g - +3 pair of gauntlets of War {Slay+5}
MR       +++++     Clarity  +   X - +0 pair of boots "Itegir" {*Slow rPois MR+++}
Stlth    ..........             B - amulet of the Four Winds {rN+ MR+++ Clar}
HPRegen  0.50/turn              h - +5 ring of slaying
MPRegen  0.29/turn              c - ring "Esykow" {rPois Dex+4 Slay+3 SInv}

@: about to teleport, hasted, studying 2 skills, very quick
A: distributed training, fangs 1, repulsion field 1, mutation resistance 1,
robust 1, strong nose
}: 4/15 runes: serpentine, barnacled, slimy, silver
a: Recall Undead Slaves, Injury Mirror, Animate Dead, Drain Life, Enslave Soul,
Renounce Religion


You were on level 4 of the Realm of Zot.
You worshipped Yredelemnul.
Yredelemnul was exalted by your worship.
You were not hungry.

You visited 14 branches of the dungeon, and saw 59 of its levels.
You also visited: Trove, Gauntlet and Ice Cave.

You collected 9952 gold pieces.
You spent 3925 gold pieces at shops.

Inventory:

Hand Weapons
 K - the +9 sword of Zonguldrok (weapon) {reap}
   (You took it off a deep elf annihilator on level 3 of the Elven Halls)

   If a monster killed with it leaves a corpse in good enough shape, the corpse
   will be animated as a zombie friendly to the killer.
 L - the +8 triple crossbow of Mun Qis {elec, rElec Str+4}
   (You found it on level 10 of the Dungeon)

   It charges the ammunition it shoots with electricity; occasionally upon a
   hit, such missiles may discharge and cause terrible harm.
   It affects your strength (+4).
   It insulates you from electricity.
Missiles
 a - 2413 bolts
 i - 8 throwing nets
 A - 7 steel javelins (quivered)
Armour
 g - the +3 pair of gauntlets of War (worn) {Slay+5}
   (You found it on level 5 of the Pits of Slime)

   It affects your accuracy and damage with ranged weapons and melee attacks
   (+5).
 s - +5 gold dragon scales (worn)
 x - the +2 helmet of the Trombone (worn) {rPois rCorr SInv}
   (You found it in a Gauntlet)

   It protects you from poison.
   It lets you see invisible.
   It provides partial protection from all sources of acid and corrosion.
 E - a +2 cloak of magic resistance (worn)
 V - the +10 large shield of Ignorance (worn) {rN+ Int-4}
   (You found it on level 5 of the Pits of Slime)

   It affects your intelligence (-4).
   It protects you from negative energy.
 X - the +0 pair of boots "Itegir" (worn) {*Slow rPois MR+++}
   (You acquired it on level 2 of the Elven Halls)

   It protects you from poison.
   It affects your resistance to hostile enchantments.
   It may slow you when you take damage.
Jewellery
 c - the ring "Esykow" (right hand) {rPois Dex+4 Slay+3 SInv}
   (You bought it in a shop on level 1 of the Shoals)

   [ring of poison resistance]

   It affects your dexterity (+4).
   It affects your accuracy and damage with ranged weapons and melee attacks
   (+3).
   It protects you from poison.
   It lets you see invisible.
 h - a +5 ring of slaying (left hand)
 w - an uncursed ring of positive energy
 B - the amulet of the Four Winds (around neck) {rN+ MR+++ Clar}
   (You found it on level 4 of the Shoals)

   [amulet of nothing]

   It protects you from negative energy.
   It affects your resistance to hostile enchantments.
   It protects you against confusion.
Wands
 n - a wand of acid (10)
 q - a wand of scattershot (2)
 r - a wand of paralysis (53)
 t - a wand of digging (15)
Scrolls
 b - 10 scrolls of fear
 k - 26 scrolls of teleportation
 o - 7 scrolls of magic mapping
 y - 10 scrolls of immolation
 F - 22 scrolls of enchant weapon
 G - 10 scrolls of blinking
 H - 2 scrolls of brand weapon
 I - 5 scrolls of fog
 M - 12 scrolls of identify
 S - 26 scrolls of remove curse
 Z - 7 scrolls of summoning
Potions
 d - 3 potions of magic
 e - 5 potions of flight
 j - 2 potions of resistance
 l - 12 potions of heal wounds
 m - 12 potions of curing
 p - 4 potions of mutation
 v - 4 potions of might
 z - 5 potions of cancellation
 C - 11 potions of brilliance
 N - 6 potions of haste
 T - 6 potions of invisibility
 W - 2 potions of agility
 Y - 7 potions of berserk rage
Books
 D - a manual of Long Blades
 J - a manual of Unarmed Combat
Miscellaneous
 u - 3 boxes of beasts
 O - 3 phantom mirrors
 P - a lamp of fire
 Q - a phial of floods
 R - 3 sacks of spiders
 U - a crystal ball of energy
Comestibles
 f - 37 rations


   Skills:
 + Level 18.8 Fighting
 + Level 18.0 Short Blades
 + Level 20.5 Long Blades
 + Level 18.0 Axes
 + Level 18.0 Maces & Flails
 + Level 18.0 Polearms
 + Level 18.0 Staves
 + Level 18.0 Slings
 + Level 18.0 Bows
 + Level 18.0 Crossbows
 + Level 18.0 Throwing
 + Level 18.8 Armour
 + Level 18.0 Dodging
 + Level 18.0 Stealth
 + Level 18.8 Shields
 + Level 21.5 Unarmed Combat
 + Level 18.0 Spellcasting
 + Level 15.5 Conjurations
 + Level 15.5 Hexes
 + Level 15.5 Charms
 + Level 15.5 Summonings
 + Level 15.5 Necromancy
 + Level 15.5 Translocations
 + Level 15.5 Transmutations
 + Level 15.5 Fire Magic
 + Level 15.5 Ice Magic
 + Level 15.5 Air Magic
 + Level 15.5 Earth Magic
 + Level 15.5 Poison Magic
 + Level 19.4 Invocations
 + Level 18.0 Evocations


You had 23 spell levels left.
You knew the following spells:

 Your Spells              Type           Power        Failure   Level  Hunger
a - Swiftness             Chrm/Air       ######..     1%          2    None
b - Airstrike             Air            ######....   4%          4    None
c - Passwall              Tmut/Erth      ######..     1%          2    None
d - Song of Slaying       Chrm           ######..     1%          2    None
e - Regeneration          Chrm/Necr      ######....   1%          3    None
f - Spectral Weapon       Hex/Chrm       ######..     1%          3    None
g - Silence               Hex/Air        ######....   12%         5    ###....
h - Portal Projectile     Hex/Tloc       ######       1%          3    None
i - Borgnjor's Vile Clut  Necr/Erth      ######....   12%         5    ###....
j - Blink                 Tloc           N/A          1%          2    None
k - Apportation           Tloc           ######       1%          1    None
l - Tukima's Dance        Hex            ######..     1%          3    None
m - Passage of Golubria   Tloc           N/A          4%          4    None

Your spell library contained the following spells:

 Spells                   Type           Power        Failure   Level  Hunger
 Animate Skeleton         Necr           N/A          1%          1    None
 Confusing Touch          Hex            ######       1%          1    None
 Corona                   Hex            ######.      1%          1    None
 Flame Tongue             Conj/Fire      #####        1%          1    None
 Freeze                   Ice            ####         1%          1    None
 Infusion                 Chrm           ####         1%          1    None
 Sandblast                Erth           ######       1%          1    None
 Shock                    Conj/Air       ####         1%          1    None
 Sting                    Conj/Pois      ####         1%          1    None
 Summon Butterflies       Summ           ######..     1%          1    None
 Summon Small Mammal      Summ           ####         1%          1    None
 Call Imp                 Summ           ######..     1%          2    None
 Corpse Rot               Necr           N/A          1%          2    None
 Ensorcelled Hibernation  Hex/Ice        ######       1%          2    None
 Poisonous Vapours        Pois/Air       ######       1%          2    None
 Shroud of Golubria       Chrm/Tloc      ######....   1%          2    None
 Slow                     Hex            ######..     1%          2    None
 Sublimation of Blood     Necr           ######....   1%          2    None
 Throw Flame              Conj/Fire      ######       1%          2    None
 Throw Frost              Conj/Ice       ######       1%          2    None
 Call Canine Familiar     Summ           ######..     1%          3    None
 Confuse                  Hex            ######..     1%          3    None
 Conjure Flame            Conj/Fire      ######..     1%          3    None
 Gell's Gravitas          Tloc           ######....   1%          3    None
 Ignite Poison            Fire/Tmut/Pois ######..     1%          3    None
 Inner Flame              Hex/Fire       ######..     1%          3    None
 Lesser Beckoning         Tloc           ######....   1%          3    None
 Ozocubu's Armour         Chrm/Ice       ######..     1%          3    None
 Recall                   Summ/Tloc      N/A          1%          3    None
 Spider Form              Tmut/Pois      ######....   1%          3    None
 Static Discharge         Conj/Air       ######..     1%          3    None
 Stone Arrow              Conj/Erth      ######       1%          3    None
 Summon Guardian Golem    Hex/Summ       ######..     1%          3    None
 Teleport Other           Tloc           ######..     1%          3    None
 Animate Dead             Necr           N/A          4%          4    None
 Cause Fear               Hex            ######....   4%          4    None
 Ice Form                 Ice/Tmut       ######..     4%          4    None
 Leda's Liquefaction      Hex/Erth       ######....   4%          4    None
 Olgreb's Toxic Radiance  Pois           ######..     4%          4    None
 Petrify                  Tmut/Erth      ######..     4%          4    None
 Sticky Flame             Conj/Fire      ######..     4%          4    None
 Summon Ice Beast         Ice/Summ       ######..     4%          4    None
 Summon Lightning Spire   Summ/Air       ######..     4%          4    None
 Throw Icicle             Conj/Ice       ######..     4%          4    None
 Agony                    Necr           ######..     12%         5    ###....
 Alistair's Intoxication  Tmut/Pois      ######..     12%         5    ###....
 Bolt of Draining         Conj/Necr      ######....   12%         5    ###....
 Dispel Undead            Necr           ######..     12%         5    ###....
 Excruciating Wounds      Chrm/Necr      ######....   12%         5    ###....
 Fireball                 Conj/Fire      ######....   12%         5    ###....
 Irradiate                Conj/Tmut      ######....   12%         5    ###....
 Iskenderun's Battlesphe  Conj/Chrm      ######..     12%         5    ###....
 Lee's Rapid Deconstruct  Erth           ######....   12%         5    ###....
 Lightning Bolt           Conj/Air       ######....   12%         5    ###....
 Metabolic Englaciation   Hex/Ice        ######....   12%         5    ###....
 Summon Forest            Summ/Tloc      ######....   12%         5    ###....
 Summon Mana Viper        Hex/Summ       ######..     12%         5    ###....
 Venom Bolt               Conj/Pois      ######....   12%         5    ###....
 Yara's Violent Unravell  Hex/Tmut       ######....   12%         5    ###....
 Bolt of Cold             Conj/Ice       ######....   54%         6    #####..
 Bolt of Fire             Conj/Fire      ######....   54%         6    #####..
 Darkness                 Hex            ######....   54%         6    #####..
 Death Channel            Necr           ######....   54%         6    #####..
 Deflect Missiles         Chrm/Air       ######....   54%         6    #####..
 Freezing Cloud           Conj/Ice/Air   ######....   54%         6    #####..
 Hydra Form               Tmut           ######....   54%         6    #####..
 Invisibility             Hex            ######..     54%         6    #####..
 Ozocubu's Refrigeration  Ice            ######....   54%         6    #####..
 Shadow Creatures         Summ           N/A          54%         6    #####..
 Simulacrum               Ice/Necr       ######....   54%         6    #####..
 Statue Form              Tmut/Erth      ######...    54%         6    #####..
 Dragon Form              Tmut           ######....   98%         7    ######.
 Malign Gateway           Summ/Tloc      ######....   98%         7    ######.
 Monstrous Menagerie      Summ           ######....   98%         7    ######.
 Ring of Flames           Chrm/Fire      ######....   98%         7    ######.
 Spellforged Servitor     Conj/Summ      ######....   98%         7    ######.
 Summon Greater Demon     Summ           ######....   98%         7    ######.
 Summon Hydra             Summ           ######....   98%         7    ######.
 Ignition                 Fire           ######....   100%        8    #######
 Summon Horrible Things   Summ           ######....   100%        8    #######
 Dragon's Call            Summ           ######....   100%        9    #######


Dungeon Overview and Level Annotations

Branches:
Dungeon (15/15)            Temple (1/1) D:6            Lair (6/6) D:8
 Shoals (4/4) Lair:3        Snake (4/4) Lair:2        Slime (5/5) Lair:6
    Orc (2/2) D:10            Elf (3/3) Orc:2        Vaults (5/5) D:13
  Crypt (3/3) Vaults:3       Tomb (1/3) Crypt:3      Depths (5/5) D:15
   Hell (1/1)                 Dis (0/7) Hell            Geh (0/7) Hell
    Coc (0/7) Hell            Tar (0/7) Hell            Zot (4/5) Depths:5

Altars:
Ashenzari
Cheibriados
Dithmenos
Elyvilon
Fedhas
Gozag
Hepliaklqana
Kikubaaqudgha
Makhleb
Nemelex Xobeh
Okawaru
Qazlal
Ru
Sif Muna
Trog
Uskayaw
Vehumet
Wu Jian
Xom
Yredelemnul
Zin
The Shining One
Beogh
Jiyva

Shops:
D:11 [   D:12 :   Orc:2 (:=*   Elf:2 }=}   Shoals:1 *=[[   Shoals:4 *
Snake:2 %%*%   Vaults:2 *   Vaults:3 :

Portals:
Hell: Depths:1 Depths:2 Depths:3 Depths:4 Depths:5
Abyss: Depths:4 Depths:5
Pandemonium: Depths:1 Depths:3
Ziggurat: Depths:4

Annotations:
Zot:4 1 transporter


Innate Abilities, Weirdness & Mutations

Your experience applies equally to all skills.
You have very sharp teeth.
Your uncanny sense of smell can sniff out nearby items.
You are surrounded by a mild repulsion field. (EV +2)
You are somewhat resistant to further mutation.
You are robust. (+10% HP)


Message History

The storm dragon is almost dead.
The storm dragon bites you!
* * * LOW HITPOINT WARNING * * *
You block the storm dragon's attack. x4
The storm dragon tramples you but does no damage.
Okay, then.
You draw life from your surroundings.
The storm dragons are drained of life.
You kill the storm dragon!
Yredelemnul accepts your kill.
The storm dragon turns into a zombie!
The storm dragon is severely wounded.
You feel life flooding into your body.
You feel somewhat more hungry.
The storm dragon is no longer berserk.
The storm dragon breathes lightning at you.
The bolt of lightning hits you!!
* * * LOW HITPOINT WARNING * * *
The bolt of lightning hits you!!
You die...
Your body rises from the dead as a mindless zombie.

##..######....##...#. .####D##..
#........#.....#.###y##..#..z#...
#..............#q. ........#.#...
#..............#..#. #.#.# #y#...
##..####(.....##.##. #.### #.##..
#..# ####...##....##(..©....#).
#..### #...#. ###...###.##.#.)
#....# #...#.##.##(..##.##.#..
#....# #...##@D.8))©(.....##..
##....# #....##Z.#######..##...
#...### #.....#####.©.#####=...
#...# #####..............)...[...
#...###...#..Z#......#.#..^..[[.#
##........#)..####...#......<[.##
##..>.....[[..####.....#......##
.......##<.[....####...#..)..##
.......##..[....# #........##


You could see an electric golem, a storm dragon and a friendly storm dragon
zombie.

Vanquished Creatures
  the Royal Jelly (Slime:5)
  Mara (Vaults:4)
  A greater mummy (Tomb:1)
  A Killer Klown (Zot:4)
  2 curse toes
  13 golden dragons
  A profane servitor (Crypt:3)
  5 liches
  4 bone dragons
  14 tentacled monstrosities
  An Ice Fiend (IceCv)
  9 quicksilver dragons
  2 titans (Depths:4)
  A deep elf blademaster (Elf:3)
  2 deep elf master archers (Elf:3)
  Asterion (Depths:1)
  12 acid blobs (Slime:5)
  6 sphinxes
  9 ancient champions
  A kraken (Shoals:2)
  Kirke (Lair:4)
  5 draconian monks
  7 tengu reavers
  The ghost of adept the Severer, an adept HOFi of Beogh (Shoals:3)
  7 death cobs
  4 shadow dragons
  11 storm dragons
  7 nagarajas
  2 revenants
  4 azure jellies (Slime:5)
  4 fire giants
  Ilsuiw (Shoals:3)
  6 draconian knights
  2 iron dragons
  7 deep elf sorcerers
  2 draconian scorchers
  An orc warlord (Vaults:4)
  10 vault wardens
  7 frost giants
  A curse skull (Crypt:1)
  2 ghost moths
  3 draconian shifters
  4 deep elf elementalists
  11 ghouls
  2 spriggan defenders (Depths:4)
  A draconian stormcaller (Zot:2)
  8 very ugly things
  4 draconian annihilators
  12 stone giants
  11 ironheart preservers
  6 vampire knights
  An entropy weaver (Vaults:4)
  A bennu (Tomb:1)
  2 green draconians
  9 black draconians
  Nessos (D:14)
  6 white draconians
  11 red draconians
  10 purple draconians
  4 deep elf annihilators
  2 blizzard demons (Hell)
  A minotaur (Gauntlet)
  3 deep elf death magi
  9 yellow draconians
  11 ettins
  A spark wasp (Depths:4)
  2 eidola
  3 merfolk javelineers
  16 yaktaur captains
  4 merfolk impalers
  14 fire dragons
  8 jiangshi
  A death ooze (Slime:5)
  3 deep elf high priests
  5 mummy priests
  Erolcha (D:10)
  5 great orbs of eyes
  4 rakshasas
  8 hydras
  Harold (D:7)
  9 ice dragons
  29 vault guards
  4 anacondas
  3 naga warriors
  4 centaur warriors
  2 spriggan air magi
  A death knight (Vaults:4)
  A satyr (Shoals:1)
  21 dancing weapons
  5 ogre magi
  4 merfolk aquamancers
  20 two-headed ogres
  2 tengu warriors
  9 death scarabs (Tomb:1)
  13 deep troll shamans
  8 deep troll earth magi
  3 hell hogs
  3 spriggan berserkers
  Urug (Lair:5)
  4 vampire magi
  5 orc high priests
  A naga sharpshooter (Snake:4)
  A storm dragon zombie (Crypt:2)
  5 spriggans
  A titan skeleton (Depths:4)
  A sun demon (Hell)
  The ghost of Tux the Zephyrmancer, a novice TeAE of Vehumet (D:9)
  3 shock serpents
  15 deep elf knights
  2 soul eaters
  17 skeletal warriors
  18 sea snakes
  7 hell knights
  An anaconda zombie (Hell)
  2 shadow wraiths (Crypt:2)
  An iron troll (Depths:2)
  3 flayed ghosts
  4 large abominations (Depths:5)
  An entropy weaver zombie (Crypt:1)
  3 wizards
  3 glowing orange brains
  4 unseen horrors
  29 deep trolls
  An anaconda skeleton (Crypt:3)
  An unseen horror (shapeshifter) (Depths:2)
  A tengu zombie (Depths:4)
  2 shadow dragon zombies
  10 ironbrand convokers
  An orange crystal statue (Gauntlet)
  A swamp dragon (Lair:6)
  7 phantasmal warriors
  A lindwurm (Zot:4)
  11 deep elf archers
  A naga ritualist (Snake:4)
  11 orc knights
  14 harpies
  8 necromancers
  3 mana vipers
  A tengu skeleton (Depths:4)
  7 manticores
  A salamander (Depths:4)
  A sphinx skeleton (Vaults:3)
  An iron dragon skeleton (Tomb:1)
  5 shining eyes
  23 ugly things
  9 fauns
  5 cyclopes
  27 deep elf magi
  8 orc sorcerers
  22 moths of wrath
  4 merfolk sirens
  4 naga magi
  A salamander (shapeshifter) (Vaults:1)
  4 rust devils (Hell)
  2 fire giant skeletons
  22 black mambas
  3 eyes of devastation
  A frost giant skeleton (Crypt:3)
  A guardian serpent (Snake:4)
  4 ice statues
  A black mamba (shapeshifter) (D:13)
  A spiny frog (shapeshifter) (Depths:4)
  2 elephants (Lair:3)
  7 water nymphs
  4 spiny frogs
  An elf skeleton (Vaults:5)
  3 molten gargoyles
  17 vault sentinels
  A smoke demon (Depths:1)
  A hellion (Hell)
  A komodo dragon (shapeshifter) (Vaults:1)
  3 freezing wraiths
  A yaktaur (shapeshifter) (Elf:2)
  An efreet (Gauntlet)
  A kobold demonologist (D:15)
  6 komodo dragons
  2 tengu conjurers
  36 yaktaurs
  An anaconda simulacrum (IceCv)
  3 hellwings
  2 yaktaur skeletons (Vaults:5)
  9 guardian mummies (Tomb:1)
  A jumping spider (Vaults:4)
  22 merfolk
  8 trolls
  2 polar bears (Lair:6)
  9 ice devils
  A tengu simulacrum (Vaults:5)
  3 hydra zombies
  A wind drake (Shoals:3)
  7 hornets
  9 blink frogs
  A harpy skeleton (D:15)
  32 slime creatures
  An ice dragon zombie (Crypt:1)
  An iron dragon simulacrum (Crypt:3)
  A blink frog (shapeshifter) (Depths:3)
  A raiju (shapeshifter) (Vaults:5)
  Prince Ribbit (D:5)
  6 dream sheep
  8 hippogriffs
  4 bog bodies
  A dream sheep (shapeshifter) (Vaults:4)
  9 snapping turtles
  A fire dragon skeleton (Crypt:3)
  2 human simulacra
  10 flying skulls
  An ice dragon skeleton (Crypt:1)
  A stone giant simulacrum (Crypt:3)
  Sigmund (D:2)
  A tarantella (Vaults:4)
  7 redbacks
  An air elemental (Elf:3)
  2 ushabtiu
  18 water elementals
  3 shadows
  A dire elephant simulacrum (IceCv)
  A basilisk (Lair:3)
  5 wraiths
  Eustachio (D:5)
  6 hogs
  3 fire bats (Lair:6)
  19 yaks
  2 wyverns
  4 hungry ghosts
  A basilisk (shapeshifter) (Depths:3)
  2 humans
  3 chaos spawn
  6 small abominations (Depths:5)
  5 golden eyes
  9 fire elementals
  A neqoxec (Depths:1)
  6 vampire mosquitoes
  A steam dragon (Lair:6)
  4 wargs
  9 hell hounds
  16 nagas
  Menkaure (D:6)
  A swamp worm (shapeshifter) (Depths:1)
  A two-headed ogre zombie (D:10)
  A hydra simulacrum (IceCv)
  A soldier ant (D:13)
  3 iron troll simulacra (IceCv)
  A water moccasin (shapeshifter) (Vaults:3)
  5 acid dragons
  5 porcupines
  15 water moccasins
  7 ice beasts
  A spiny frog skeleton (Hell)
  2 hornet zombies (D:6)
  A snapping turtle zombie (Crypt:3)
  A sky beast (D:14)
  25 ogres
  An ice beast (shapeshifter) (D:14)
  A phantom (D:12)
  An eye of draining (shapeshifter) (Vaults:5)
  32 orc warriors
  A black bear (D:5)
  6 necrophages
  6 eyes of draining
  A blink frog zombie (Crypt:2)
  18 wolves
  16 centaurs
  A boggart (Depths:2)
  A hippogriff zombie (D:13)
  An elf simulacrum (Vaults:5)
  15 crocodiles
  An elf zombie (Crypt:3)
  A big kobold (D:10)
  A komodo dragon skeleton (Crypt:3)
  2 water moccasin zombies
  8 bullfrogs
  2 earth elementals
  4 scorpions
  14 killer bees
  A howler monkey (D:6)
  6 wights
  5 centaur zombies
  7 electric eels
  2 lava snakes (Snake:4)
  4 crimson imps
  2 quasits
  4 jellies
  2 bullfrog zombies (D:6)
  18 orc priests
  4 hounds
  18 orc wizards
  7 bullfrog skeletons
  3 centaur skeletons
  A soldier ant zombie (Crypt:1)
  Jessica (D:2)
  12 worker ants
  6 iguanas
  A killer bee zombie (D:6)
  An ogre zombie (D:10)
  A dwarf skeleton (Crypt:1)
  A deep dwarf skeleton (Crypt:3)
  A hound skeleton (D:6)
  14 mummies (Tomb:1)
  6 worker ant zombies
  11 adders
  2 howler monkey skeletons
  9 shadow imps
  2 oozes (D:3)
  3 adder zombies
  2 adder skeletons (D:6)
  3 worms
  2 dart slugs
  8 leopard geckos
  61 orcs
  10 bats
  6 giant cockroaches
  6 goblins
  9 hobgoblins
  11 jackals
  2 quokkas
  7 ball pythons
  A ball python skeleton (Crypt:2)
  6 frilled lizards
  A giant cockroach zombie (D:6)
  2 jackal zombies
  11 kobolds
  A kobold skeleton (Crypt:2)
  A leopard gecko skeleton (Crypt:2)
  A leopard gecko zombie (D:6)
  2 quokka skeletons
  2 quokka zombies (D:6)
  5 rats
  A crawling corpse (Elf:3)
  8 tentacles
1806 creatures vanquished.

Vanquished Creatures (collateral kills)
  An ancient lich (Vaults:5)
  Sojobo (Tomb:1)
  A greater mummy (Tomb:1)
  Vashnia (Snake:2)
  Xtahua (Depths:4)
  A caustic shrike (Depths:3)
  Geryon (Hell)
  5 golden dragons
  A profane servitor (Depths:2)
  2 bone dragons (Depths:5)
  An electric golem (Zot:2)
  5 tentacled monstrosities
  A quicksilver dragon (Zot:2)
  2 sphinxes
  A deep elf blademaster (Elf:3)
  2 titans
  16 acid blobs
  An ancient champion (Crypt:1)
  2 krakens
  Frances (Snake:1)
  A storm dragon (Zot:3)
  4 tengu reavers
  6 shadow dragons
  5 fire giants
  4 azure jellies
  8 nagarajas (Snake:4)
  2 frost giants
  6 vault wardens
  3 revenants
  A draconian scorcher (Zot:4)
  An iron dragon (Vaults:5)
  Aizul (Crypt:1)
  3 deep elf sorcerers
  A draconian knight (Zot:2)
  A draconian shifter (Zot:3)
  2 ghouls
  9 very ugly things
  A draconian annihilator (Zot:2)
  2 reapers
  A deep elf elementalist (Elf:3)
  A juggernaut zombie (Crypt:2)
  6 stone giants
  3 spriggan defenders (Depths:4)
  An entropy weaver (Vaults:4)
  3 vampire knights
  3 war gargoyles
  5 ironheart preservers
  A lorocyproca (Hell)
  A bennu (Tomb:1)
  4 deep elf demonologists
  Azrael (Elf:1)
  3 purple draconians
  2 black draconians
  3 yellow draconians
  9 deep elf annihilators
  3 red draconians
  6 ettins
  6 spark wasps
  A blizzard demon (Depths:1)
  2 merfolk javelineers (Shoals:4)
  5 deep elf death magi
  An eidolon (Crypt:1)
  9 death oozes (Slime:5)
  3 mummy priests
  6 great orbs of eyes
  5 merfolk impalers
  2 deep elf high priests (Elf:3)
  6 yaktaur captains
  5 fire dragons
  22 naga warriors
  9 ice dragons
  A caustic shrike simulacrum (Depths:4)
  4 hydras
  2 rakshasas
  8 vault guards
  4 merfolk avatars
  5 anacondas
  2 death knights
  2 merfolk aquamancers
  15 two-headed ogres
  6 centaur warriors
  3 alligator snapping turtles
  3 spriggan air magi
  10 dancing weapons
  A death yak (Lair:3)
  A satyr (Shoals:2)
  2 death scarabs (Tomb:1)
  4 vampire magi
  3 ogre magi
  7 tengu warriors
  2 hell hogs
  8 deep troll shamans
  10 shock serpents
  8 deep troll earth magi
  5 spriggan berserkers
  An orc high priest (Orc:2)
  7 hell knights
  3 small abominations
  An iron golem (Hell)
  A soul eater (Hell)
  20 naga sharpshooters
  A shadow wraith (Crypt:2)
  23 deep trolls
  A sun demon (Hell)
  3 iron trolls (Depths:2)
  6 deep elf knights
  2 unseen horrors
  2 salamander mystics
  8 skeletal warriors
  2 anaconda zombies (Hell)
  A glowing orange brain (Depths:3)
  5 sea snakes
  2 flayed ghosts
  14 deep elf archers
  3 ironbrand convokers
  A tengu zombie (Depths:4)
  A golden dragon skeleton (Depths:4)
  11 orc knights
  4 phantasmal warriors
  5 naga ritualists
  9 harpies
  42 deep elf magi
  An orb spider (shapeshifter) (Depths:2)
  An orb spider (Depths:2)
  13 mana vipers
  A wolf spider (shapeshifter) (Depths:2)
  A tengu skeleton (Vaults:4)
  4 necromancers
  4 shining eyes
  6 manticores
  27 ugly things
  5 wolf spiders
  7 fauns
  4 moths of wrath
  A shadow dragon skeleton (Vaults:3)
  5 salamanders
  A human skeleton (Vaults:3)
  4 cyclopes
  A fire giant skeleton (Vaults:4)
  3 elephants (Lair:3)
  6 guardian serpents
  24 black mambas
  3 merfolk sirens
  4 rust devils
  4 water nymphs
  9 naga magi
  A gargoyle (D:12)
  2 smoke demons (Hell)
  9 vault sentinels
  An ice statue (IceCv)
  2 frost giant skeletons
  5 spiny frogs
  2 rime drakes (shapeshifter)
  4 freezing wraiths
  A catoblepas zombie (Crypt:1)
  A kobold demonologist (D:15)
  5 komodo dragons
  46 yaktaurs
  2 anaconda simulacra
  An efreet (D:15)
  2 rime drakes
  A yaktaur (shapeshifter) (D:15)
  A red draconian skeleton (Crypt:1)
  5 ice devils
  A hellwing (Depths:3)
  3 guardian mummies
  30 merfolk
  A human zombie (Vaults:2)
  2 red devils (Hell)
  6 wind drakes
  8 polar bears (Lair:6)
  4 hornets
  2 trolls
  A meliai (shapeshifter) (Vaults:1)
  A troll (shapeshifter) (Vaults:3)
  6 blink frogs
  37 slime creatures
  4 snapping turtles
  7 hippogriffs
  7 dream sheep
  3 flying skulls
  An ice dragon zombie (Crypt:3)
  An alligator zombie (Hell)
  4 spriggans
  A tarantella (shapeshifter) (D:13)
  4 wraiths
  4 redbacks
  3 basilisks
  5 water elementals
  12 yaks
  3 ushabtiu (Crypt:3)
  A fire bat (Lair:6)
  3 fire elementals
  A hungry ghost (D:13)
  A yaktaur simulacrum (Vaults:2)
  5 golden eyes (Slime:1)
  5 vampire mosquitoes
  An acid dragon (Lair:6)
  An iron troll simulacrum (IceCv)
  3 hydra simulacra
  4 wargs
  44 nagas
  12 water moccasins
  A deep troll skeleton (Vaults:4)
  22 hell hounds
  4 porcupines
  2 sky beasts
  A swamp drake (Lair:6)
  11 orc warriors
  A blink frog zombie (Crypt:1)
  5 eyes of draining
  10 black bears (Lair:6)
  A necrophage (Crypt:1)
  8 centaurs
  8 ogres
  A boggart (Depths:2)
  11 wolves
  9 crocodiles
  3 bullfrogs
  4 earth elementals (Depths:2)
  A warg zombie (Vaults:2)
  A killer bee (D:13)
  2 wights
  An electric eel (Lair:5)
  2 lava snakes (Snake:4)
  A bullfrog zombie (D:12)
  10 orc priests
  A bullfrog skeleton (D:13)
  An iguana (D:12)
  3 orc wizards
  2 worker ants (D:13)
  2 mummies (Tomb:1)
  An adder (Lair:2)
  An adder zombie (D:9)
  22 orcs
  A dart slug zombie (Crypt:2)
  4 kobolds (D:15)
  A bush (Lair:3)
  3 crawling corpses (Elf:3)
  21 fungi
  31 plants
  A tentacle (Shoals:4)
1228 creatures vanquished.

Vanquished Creatures (others)
  6 bone dragons
  11 profane servitors
  A nagaraja (Snake:4)
  A draconian knight (Zot:2)
  A reaper (Hell)
  11 ghouls
  9 vampire knights
  A yaktaur captain (Depths:2)
  A spriggan air mage (Depths:5)
  An anaconda (Snake:3)
  A spectral jelly (Slime:2)
  2 two-headed ogres
  A spectral entropy weaver (Vaults:1)
  2 deep troll earth magi
  6 very ugly thing zombies
  13 skeletal warriors
  16 flayed ghosts
  An anaconda zombie (Snake:4)
  16 phantasmal warriors
  A necromancer (Depths:4)
  A wolf spider zombie (Vaults:3)
  4 ugly thing zombies
  A tengu skeleton (Tomb:1)
  A mana viper (Snake:3)
  A stone giant zombie (Depths:2)
  A fire giant skeleton (Depths:2)
  2 black mambas (Snake:3)
  A centaur skeleton (Vaults:1)
  A redback zombie (Depths:2)
  2 yaktaur skeletons (Vaults:3)
  2 ghoul skeletons
  A hydra zombie (Lair:3)
  A yaktaur (Vaults:2)
  A human skeleton (Vaults:1)
  A moth of wrath zombie (Zot:3)
  An ettin zombie (Vaults:2)
  10 deep troll zombies
  6 black mamba zombies
  A redback (Depths:1)
  15 flying skulls
  A deep troll skeleton (Vaults:2)
  A wraith (Orc:2)
  10 vampires
  6 spriggan zombies (Depths:4)
  12 human zombies
  A naga (Snake:4)
  4 two-headed ogre zombies
  2 ogre zombies
  2 merfolk zombies (Shoals:4)
  A spiny frog zombie (Lair:1)
  An orb spider zombie (Depths:2)
  2 dream sheep zombies (Lair:6)
  2 hornet zombies (Depths:4)
  An elephant zombie (Lair:3)
  An ogre (Vaults:5)
  4 blink frog zombies
  6 elf zombies
  2 hippogriff zombies
  9 yaktaur zombies
  6 hell hound zombies (Lair:6)
  5 water moccasin zombies
  A warg zombie (Lair:6)
  5 yak zombies (Lair:6)
  3 polar bear zombies (Lair:6)
  A tengu zombie (Depths:2)
  2 killer bees (D:9)
  A troll zombie (D:13)
  10 wolf zombies
  A bullfrog zombie (Lair:1)
  2 centaur zombies (D:12)
  4 black bear zombies (Lair:6)
  An orc wizard (Orc:2)
  3 porcupine zombies
  2 killer bee zombies (D:13)
  4 crocodile zombies
  A naga zombie (Snake:4)
  A crocodile skeleton (Lair:3)
  A mummy (D:12)
  A worker ant zombie (D:14)
  An adder zombie (Lair:2)
  An iguana zombie (D:12)
  2 ball python zombies
  24 orc zombies
  A fire vortex (Lair:6)
  11 fungi
  26 plants
  16 tentacles
361 creatures vanquished.

Grand Total: 3395 creatures vanquished

Notes
Turn   | Place    | Note
-------+----------+-------------------------------------------
     0 | D:1      | vishdafish the Gnoll Fighter began the quest for the Orb.
     0 | D:1      | Reached XP level 1. HP: 23/23 MP: 1/1
     1 | D:1      | Noticed an electric eel
   261 | D:1      | Reached XP level 2. HP: 28/29 MP: 2/2
   763 | D:2      | Noticed Sigmund
   779 | D:2      | Killed Sigmund
   779 | D:2      | Reached skill level 1 in Short Blades
   779 | D:2      | Reached skill level 1 in Axes
   779 | D:2      | Reached skill level 1 in Maces & Flails
   779 | D:2      | Reached skill level 1 in Polearms
   779 | D:2      | Reached skill level 1 in Staves
   779 | D:2      | Reached skill level 1 in Slings
   779 | D:2      | Reached skill level 1 in Bows
   779 | D:2      | Reached skill level 1 in Crossbows
   779 | D:2      | Reached skill level 1 in Throwing
   779 | D:2      | Reached skill level 1 in Dodging
   779 | D:2      | Reached skill level 1 in Stealth
   779 | D:2      | Reached skill level 1 in Unarmed Combat
   779 | D:2      | Reached skill level 1 in Spellcasting
   779 | D:2      | Reached skill level 1 in Conjurations
   779 | D:2      | Reached skill level 1 in Hexes
   779 | D:2      | Reached skill level 1 in Charms
   779 | D:2      | Reached skill level 1 in Summonings
   779 | D:2      | Reached skill level 1 in Necromancy
   779 | D:2      | Reached skill level 1 in Translocations
   779 | D:2      | Reached skill level 1 in Transmutations
   779 | D:2      | Reached skill level 1 in Fire Magic
   779 | D:2      | Reached skill level 1 in Ice Magic
   779 | D:2      | Reached skill level 1 in Air Magic
   779 | D:2      | Reached skill level 1 in Earth Magic
   779 | D:2      | Reached skill level 1 in Poison Magic
   779 | D:2      | Reached skill level 1 in Invocations
   779 | D:2      | Reached skill level 1 in Evocations
   779 | D:2      | Reached XP level 3. HP: 33/35 MP: 2/5
   779 | D:2      | Reached XP level 4. HP: 39/41 MP: 2/6
   779 | D:2      | Reached XP level 5. HP: 45/47 MP: 2/7
   819 | D:2      | Noticed Jessica
   823 | D:2      | Killed Jessica
   957 | D:2      | Found a faded altar of an unknown god.
   969 | D:2      | Reached XP level 6. HP: 52/53 MP: 8/8
  1969 | D:3      | Reached skill level 5 in Long Blades
  1996 | D:4      | Reached skill level 2 in Unarmed Combat
  2018 | D:4      | Found a shimmering altar of Xom.
  2124 | D:4      | Reached XP level 7. HP: 58/59 MP: 10/10
  2247 | D:4      | Got a shimmering turquoise ring
  2248 | D:4      | Identified the ring "Vuirch" {rC+ Stlth-} (You found it on
                  | level 4 of the Dungeon)
  2617 | D:5      | Entered Level 5 of the Dungeon
  3270 | D:5      | Reached XP level 8. HP: 63/67 MP: 12/12
  3296 | D:5      | Noticed a +0 hand axe
  3297 | D:5      | Found a hide-covered altar of Uskayaw.
  3298 | D:5      | Noticed a +0 dagger
  3434 | D:5      | Noticed Prince Ribbit
  3513 | D:5      | Killed Prince Ribbit
  3513 | D:5      | Reached skill level 3 in Unarmed Combat
  3790 | D:5      | Found an ornate altar of the Wu Jian Council.
  4331 | D:6      | Noticed Menkaure
  4394 | D:6      | Killed Menkaure
  4400 | D:6      | Noticed Eustachio
  5330 | D:6      | Reached XP level 9. HP: 61/72 MP: 14/14
  5415 | D:5      | Killed Eustachio
  5707 | D:6      | Found a staircase to the Ecumenical Temple.
  5726 | D:6      | Reached skill level 4 in Unarmed Combat
  5735 | Temple   | Entered the Ecumenical Temple
  5849 | Temple   | Became a worshipper of Yredelemnul the Dark
  7406 | D:7      | Noticed Harold
  7413 | D:7      | Gained mutation: You are surrounded by a mild repulsion
                  | field. (EV +2) [potion of mutation]
  7413 | D:7      | Gained mutation: You are somewhat resistant to further
                  | mutation. [potion of mutation]
  7413 | D:7      | Gained mutation: You are partially covered in molten
                  | scales. (AC +2) [potion of mutation]
  7466 | D:7      | HP: 1/74 [Harold/+0 scimitar (11)]
  7467 | D:7      | Killed Harold
  7467 | D:7      | Reached skill level 5 in Invocations
  7467 | D:7      | Reached XP level 10. HP: 1/80 MP: 15/17
  7813 | D:7      | Found a hazy altar of Hepliaklqana.
  8694 | D:8      | Reached skill level 5 in Short Blades
  8694 | D:8      | Reached skill level 5 in Axes
  8694 | D:8      | Reached skill level 5 in Maces & Flails
  8694 | D:8      | Reached skill level 5 in Polearms
  8694 | D:8      | Reached skill level 5 in Staves
  8694 | D:8      | Reached skill level 5 in Slings
  8694 | D:8      | Reached skill level 5 in Bows
  8694 | D:8      | Reached skill level 5 in Crossbows
  8694 | D:8      | Reached skill level 5 in Throwing
  8694 | D:8      | Reached skill level 5 in Dodging
  8694 | D:8      | Reached skill level 5 in Stealth
  8694 | D:8      | Reached skill level 5 in Unarmed Combat
  8694 | D:8      | Reached skill level 5 in Spellcasting
  8694 | D:8      | Reached skill level 5 in Evocations
  8702 | D:8      | Found a staircase to the Lair.
  8915 | D:8      | Reached * piety under Yredelemnul
  9291 | D:8      | Found a sparkling altar of Nemelex Xobeh.
  9547 | D:9      | Found an opulent altar of Gozag.
  9547 | D:9      | Found a glowing silver altar of Zin.
  9551 | D:9      | Found a shattered altar of Ashenzari.
  9551 | D:9      | Found a shadowy altar of Dithmenos.
  9552 | D:9      | Found a bloodstained altar of Trog.
  9552 | D:9      | Found an iron altar of Okawaru.
  9555 | D:9      | Got a faintly glowing golden amulet
  9556 | D:9      | Identified the amulet "Ezaphet" {Spirit rF+ Int+3} (You
                  | found it on level 9 of the Dungeon)
  9858 | D:9      | Found a stormy altar of Qazlal.
 10090 | D:9      | Noticed a two-headed ogre
 10357 | D:9      | Reached ** piety under Yredelemnul
 10977 | D:9      | Found a blossoming altar of Fedhas.
 10992 | D:9      | Reached XP level 11. HP: 68/87 MP: 14/19
 11135 | D:9      | Found a shadowy altar of Dithmenos.
 11171 | D:9      | Found a runed translucent door.
 11180 | D:9      | Killed a two-headed ogre
 11249 | D:9      | Noticed Tux's ghost (novice TeAE)
 11406 | D:9      | Killed Tux's ghost
 11406 | D:9      | Reached skill level 6 in Unarmed Combat
 11675 | D:10     | Entered Level 10 of the Dungeon
 11850 | D:10     | Found a staircase to the Orcish Mines.
 11927 | D:10     | Reached skill level 5 in Conjurations
 11927 | D:10     | Reached skill level 5 in Hexes
 11927 | D:10     | Reached skill level 5 in Charms
 11927 | D:10     | Reached skill level 5 in Summonings
 11927 | D:10     | Reached skill level 5 in Necromancy
 11927 | D:10     | Reached skill level 5 in Translocations
 11927 | D:10     | Reached skill level 5 in Transmutations
 11927 | D:10     | Reached skill level 5 in Fire Magic
 11927 | D:10     | Reached skill level 5 in Ice Magic
 11927 | D:10     | Reached skill level 5 in Air Magic
 11927 | D:10     | Reached skill level 5 in Earth Magic
 11927 | D:10     | Reached skill level 5 in Poison Magic
 12604 | D:10     | Got a crude triple crossbow
 12611 | D:10     | Identified the +8 triple crossbow of Mun Qis {elec, rElec
                  | Str+4} (You found it on level 10 of the Dungeon)
 12884 | D:10     | Reached *** piety under Yredelemnul
 12887 | D:10     | Noticed a two-headed ogre
 12889 | D:10     | Noticed a two-headed ogre
 12889 | D:10     | Noticed a two-headed ogre
 12900 | D:10     | Killed a two-headed ogre
 12918 | D:10     | Killed a two-headed ogre
 13119 | D:10     | Noticed a two-headed ogre
 13120 | D:10     | Noticed a two-headed ogre
 13120 | D:10     | Noticed a two-headed ogre
 13120 | D:10     | Noticed Erolcha
 13133 | D:10     | Killed a two-headed ogre
 13145 | D:10     | Killed a two-headed ogre
 13153 | D:11     | Noticed a five-headed hydra
 13162 | D:11     | Noticed a six-headed hydra
 13171 | D:11     | Found Fomed's Armour Shoppe.
 13468 | D:10     | Killed a two-headed ogre
 13468 | D:10     | Reached XP level 12. HP: 60/96 MP: 13/22
 13672 | D:10     | Paralysed by Erolcha for 6 turns
 13678 | D:10     | Killed Erolcha
 13986 | D:11     | Found a shattered altar of Ashenzari.
 14021 | D:11     | Killed a six-headed hydra
 14021 | D:11     | Reached skill level 7 in Unarmed Combat
 14318 | D:11     | Killed a five-headed hydra
 14592 | D:11     | Noticed a two-headed ogre
 14603 | D:11     | Killed a two-headed ogre
 15502 | D:12     | Reached **** piety under Yredelemnul
 15514 | D:12     | Received a gift from Yredelemnul (a mummy)
 16465 | D:12     | Received a gift from Yredelemnul (2 flying skulls)
 16574 | D:12     | Found Pouseeryext's Book Emporium.
 16716 | D:12     | Reached skill level 10 in Fighting
 16716 | D:12     | Reached skill level 10 in Armour
 16716 | D:12     | Reached skill level 10 in Shields
 17331 | Lair:1   | Entered Level 1 of the Lair of Beasts
 17367 | Lair:1   | Noticed a seven-headed hydra
 17383 | Lair:1   | Killed a seven-headed hydra
 17422 | Lair:1   | Found a gate leading to a gauntlet.
 17443 | Gauntlet | Entered a Gauntlet
 17443 | Gauntlet | Found a transporter.
 17443 | Gauntlet | Found a transporter.
 17615 | Gauntlet | Found a transporter.
 17615 | Gauntlet | Found a transporter.
 17654 | Gauntlet | Found a transporter.
 17678 | Gauntlet | Found a transporter.
 17692 | Gauntlet | Found a transporter.
 17713 | Gauntlet | Found a transporter.
 17724 | Gauntlet | Found a transporter.
 17858 | Gauntlet | Reached XP level 13. HP: 92/103 MP: 22/24
 17939 | Gauntlet | Found a transporter.
 18145 | Gauntlet | Got a distressingly furry helmet
 18422 | Gauntlet | Found a transporter.
 18435 | Gauntlet | Found a transporter.
 18436 | Gauntlet | Noticed a green death
 18510 | Gauntlet | Noticed a minotaur
 18536 | Gauntlet | Killed a minotaur
 18607 | Lair:1   | Received a gift from Yredelemnul (2 flying skulls)
 18748 | Lair:1   | Got a crude leather armour
 18759 | Lair:1   | Identified the +1 leather armour "Namyfu" {*Drain rC+
                  | Int+7} (You found it on level 1 of the Lair of Beasts)
 18776 | Lair:1   | Identified the +2 helmet of the Trombone {rPois rCorr SInv}
                  | (You found it in a Gauntlet)
 18953 | Lair:1   | Reached skill level 8 in Unarmed Combat
 19371 | Lair:2   | Found a staircase to the Snake Pit.
 19517 | Lair:2   | Learned a level 2 spell: Swiftness
 20389 | Lair:3   | Found a staircase to the Shoals.
 20727 | Lair:3   | Received a gift from Yredelemnul (4 flying skulls)
 21275 | Lair:4   | Reached ***** piety under Yredelemnul
 21410 | Lair:4   | Noticed Kirke
 21420 | Lair:4   | Killed Kirke
 21420 | Lair:4   | Reached XP level 14. HP: 58/111 MP: 20/26
 22212 | Lair:5   | Noticed Urug
 22222 | Lair:5   | Reached skill level 10 in Long Blades
 22232 | Lair:5   | Killed Urug
 22660 | Lair:5   | You fall through a shaft!
 22660 | Lair:6   | Entered Level 6 of the Lair of Beasts
 22689 | Lair:6   | Reached skill level 9 in Unarmed Combat
 22964 | Lair:6   | Received a gift from Yredelemnul (a vampire)
 22974 | Lair:6   | Received a gift from Yredelemnul (a vampire)
 23086 | Lair:6   | Received a gift from Yredelemnul (a phantasmal warrior)
 23300 | Lair:6   | Received a gift from Yredelemnul (a phantasmal warrior)
 23352 | Lair:6   | Reached skill level 10 in Invocations
 23498 | Lair:6   | Found a staircase to the Slime Pits.
 23498 | Lair:6   | Found a viscous altar of Jiyva.
 23630 | Lair:6   | Received a gift from Yredelemnul (5 flying skulls)
 24530 | Orc:1    | Entered Level 1 of the Orcish Mines
 24590 | Orc:1    | Reached ****** piety under Yredelemnul
 24838 | Orc:2    | Entered Level 2 of the Orcish Mines
 24865 | Orc:2    | Found a staircase to the Elven Halls.
 24923 | Orc:2    | Received a gift from Yredelemnul (a wraith)
 25324 | Orc:1    | Received a gift from Yredelemnul (a skeletal warrior)
 25384 | Orc:1    | Received a gift from Yredelemnul (2 flying skulls)
 25563 | Orc:2    | Reached XP level 15. HP: 73/119 MP: 16/28
 26072 | Orc:2    | Received a gift from Yredelemnul (a vampire)
 26218 | Orc:2    | Found a roughly hewn altar of Beogh.
 26330 | Orc:2    | Found Dukob Git's Assorted Antiques.
 26357 | Orc:2    | Found Plog's Jewellery Shoppe.
 26363 | Orc:2    | Bought 2 potions of curing for 132 gold pieces
 26363 | Orc:2    | Bought a scroll of magic mapping for 77 gold pieces
 26365 | Orc:2    | Found Foas's Book Shoppe.
 26367 | Orc:2    | Found Zeath's Antique Weapon Shop.
 26733 | D:13     | Found a portal to a secret trove of treasure.
 26859 | D:13     | Received a gift from Yredelemnul (a flayed ghost)
 26957 | D:13     | Received a gift from Yredelemnul (a skeletal warrior)
 27100 | D:13     | Found a gate to the Vaults.
 27267 | D:14     | Received a gift from Yredelemnul (a flayed ghost)
 27437 | D:14     | Noticed Nessos
 27446 | D:14     | Killed Nessos
 27458 | D:14     | Found a blossoming altar of Fedhas.
 27834 | D:14     | Reached skill level 10 in Short Blades
 27834 | D:14     | Reached skill level 10 in Axes
 27834 | D:14     | Reached skill level 10 in Maces & Flails
 27834 | D:14     | Reached skill level 10 in Polearms
 27834 | D:14     | Reached skill level 10 in Staves
 27834 | D:14     | Reached skill level 10 in Slings
 27834 | D:14     | Reached skill level 10 in Bows
 27834 | D:14     | Reached skill level 10 in Crossbows
 27834 | D:14     | Reached skill level 10 in Throwing
 27834 | D:14     | Reached skill level 10 in Dodging
 27834 | D:14     | Reached skill level 10 in Stealth
 27834 | D:14     | Reached skill level 10 in Unarmed Combat
 27834 | D:14     | Reached skill level 10 in Spellcasting
 27834 | D:14     | Reached skill level 10 in Evocations
 27922 | D:15     | Entered Level 15 of the Dungeon
 27996 | D:15     | Received a gift from Yredelemnul (a bone dragon)
 28178 | D:15     | Received a gift from Yredelemnul (a phantasmal warrior)
 28240 | D:15     | Found a stormy altar of Qazlal.
 28287 | D:15     | Received a gift from Yredelemnul (a profane servitor)
 28462 | D:15     | Identified the +8 great sword of the Walnut {antimagic,
                  | rPois MR+ Stlth+} (You found it on level 15 of the Dungeon)
 28687 | D:15     | Found a staircase to the Depths.
 28687 | D:15     | Noticed a frost giant
 28692 | D:15     | Killed a frost giant
 28733 | Depths:1 | Entered Level 1 of the Depths
 28769 | Depths:1 | Noticed a tengu reaver
 28781 | Depths:1 | Killed a tengu reaver
 29043 | Depths:1 | Learned a level 4 spell: Airstrike
 29093 | Depths:1 | Received a gift from Yredelemnul (a profane servitor)
 29199 | Depths:1 | Reached XP level 16. HP: 119/127 MP: 30/30
 29378 | Depths:1 | Noticed Asterion
 29387 | Depths:1 | Killed Asterion
 29694 | Depths:1 | Found a one-way gate leading to the halls of Pandemonium.
 29892 | Depths:1 | Noticed a tengu reaver
 29903 | Depths:1 | Killed a tengu reaver
 30104 | Depths:1 | Found a gateway to Hell.
 30340 | Depths:2 | Received a gift from Yredelemnul (a vampire knight)
 30536 | Depths:2 | Received a gift from Yredelemnul (a profane servitor)
 31294 | Depths:2 | Identified the cursed +1 battleaxe of Bodily Harmony {pain,
                  | rElec rF- MR+ Stlth+}
 31294 | Depths:2 | Identified the cursed +0 hand crossbow "Asseame" {penet,
                  | +Inv}
 31411 | Depths:2 | Noticed a tengu reaver
 31411 | Depths:2 | Killed a tengu reaver
 31483 | Depths:2 | Killed a profane servitor
 31485 | Depths:2 | Reached skill level 11 in Unarmed Combat
 31520 | Depths:2 | Identified the cursed +0 chain mail of Listlessness {-Tele
                  | rC++ Str+3 SInv} (You found it on level 2 of the Depths)
 31539 | Depths:2 | Learned a level 2 spell: Passwall
 31542 | Depths:2 | Learned a level 2 spell: Song of Slaying
 31858 | Depths:2 | Reached XP level 17. HP: 86/135 MP: 28/32
 31867 | Depths:2 | Received a gift from Yredelemnul (a profane servitor)
 31983 | Depths:2 | Received a gift from Yredelemnul (a vampire knight)
 32308 | Depths:2 | Learned a level 3 spell: Regeneration
 32312 | Depths:2 | Learned a level 3 spell: Spectral Weapon
 32857 | Snake:1  | Entered Level 1 of the Snake Pit
 32965 | Snake:1  | Noticed Frances
 32980 | Snake:1  | Received a gift from Yredelemnul (a profane servitor)
 32982 | Snake:1  | Killed Frances
 33648 | Snake:2  | Received a gift from Yredelemnul (a vampire)
 33675 | Snake:2  | Found Xecherch's Food Shoppe.
 33681 | Snake:2  | Found Xiotiowa's Food Emporium.
 33682 | Snake:2  | Found Yfena's Assorted Antiques.
 33694 | Snake:2  | Bought a potion of might for 132 gold pieces
 33694 | Snake:2  | Bought 2 potions of heal wounds for 330 gold pieces
 33694 | Snake:2  | Bought a potion of berserk rage for 165 gold pieces
 33694 | Snake:2  | Bought a scroll of teleportation for 99 gold pieces
 33742 | Snake:2  | Received a gift from Yredelemnul (a vampire knight)
 33794 | Snake:2  | Noticed Vashnia
 33815 | Snake:2  | Killed Vashnia
 34055 | Snake:2  | Received a gift from Yredelemnul (a ghoul)
 34090 | Snake:2  | Found Rextegh's Food Emporium.
 34315 | Snake:3  | Found a transporter.
 34382 | Snake:3  | Received a gift from Yredelemnul (a vampire)
 34445 | Snake:3  | Found a transporter.
 34625 | Snake:3  | Identified the amulet of Elirch {Spirit rN+} (You found it
                  | on level 3 of the Snake Pit)
 34640 | Snake:3  | Identified the ring of Red Wine {rF+ EV+1} (You found it on
                  | level 3 of the Snake Pit)
 34866 | Snake:3  | Reached skill level 10 in Conjurations
 34866 | Snake:3  | Reached skill level 10 in Hexes
 34866 | Snake:3  | Reached skill level 10 in Charms
 34866 | Snake:3  | Reached skill level 10 in Summonings
 34866 | Snake:3  | Reached skill level 10 in Necromancy
 34866 | Snake:3  | Reached skill level 10 in Translocations
 34866 | Snake:3  | Reached skill level 10 in Transmutations
 34866 | Snake:3  | Reached skill level 10 in Fire Magic
 34866 | Snake:3  | Reached skill level 10 in Ice Magic
 34866 | Snake:3  | Reached skill level 10 in Air Magic
 34866 | Snake:3  | Reached skill level 10 in Earth Magic
 34866 | Snake:3  | Reached skill level 10 in Poison Magic
 35055 | Snake:4  | Entered Level 4 of the Snake Pit
 35121 | Snake:4  | Reached XP level 18. HP: 143/143 MP: 33/33
 35154 | Snake:4  | Found a frozen archway.
 35163 | IceCv    | Entered an ice cave
 35182 | IceCv    | Received a gift from Yredelemnul (a bone dragon)
 35406 | IceCv    | Received a gift from Yredelemnul (a phantasmal warrior)
 35570 | IceCv    | Noticed an Ice Fiend
 35587 | IceCv    | Killed an Ice Fiend
 35808 | Snake:4  | Received a gift from Yredelemnul (a skeletal warrior)
 36223 | Snake:4  | Received a gift from Yredelemnul (a phantasmal warrior)
 36253 | Snake:4  | Reached skill level 12 in Unarmed Combat
 36412 | Snake:4  | Received a gift from Yredelemnul (a skeletal warrior)
 36664 | Snake:4  | Got a serpentine rune of Zot
 37036 | Snake:4  | Received a gift from Yredelemnul (a vampire)
 37116 | Snake:4  | Received a gift from Yredelemnul (a phantasmal warrior)
 37123 | Snake:4  | Identified the +2 pair of gloves "Nachu" {rElec rF+ MR+}
                  | (You found it on level 4 of the Snake Pit)
 37164 | Snake:4  | Learned a level 5 spell: Silence
 37484 | Elf:1    | Entered Level 1 of the Elven Halls
 37603 | Elf:1    | Received a gift from Yredelemnul (a ghoul)
 37606 | Elf:1    | Noticed Azrael
 37617 | Elf:1    | Killed Azrael
 37630 | Elf:1    | Identified the Compendium of Creation
 37666 | Elf:1    | Identified the +9 war axe of Omifoec {venom, rPois MP+9}
                  | (You found it on level 1 of the Elven Halls)
 37836 | Elf:1    | Reached XP level 19. HP: 125/151 MP: 35/35
 38252 | Elf:2    | Received a gift from Yredelemnul (a ghoul)
 38332 | Elf:2    | Identified a scroll of acquirement
 38366 | Elf:2    | Got a pair of distressingly furry boots
 38372 | Elf:2    | Identified the +0 pair of boots "Itegir" {*Slow rPois
                  | MR+++} (You acquired it on level 2 of the Elven Halls)
 38635 | Elf:2    | Found Purig's Gadget Shop.
 38635 | Elf:2    | Found Udotu's Jewellery Shoppe.
 38636 | Elf:2    | Found Cohadgh's Gadget Shop.
 38671 | Elf:2    | Found a huge runed translucent gate.
 38671 | Elf:2    | Found a huge runed translucent gate.
 38671 | Elf:2    | Found a huge runed translucent gate.
 38671 | Elf:2    | Found a huge runed translucent gate.
 38672 | Elf:2    | Found a huge runed translucent gate.
 39351 | Elf:3    | Entered Level 3 of the Elven Halls
 39534 | Elf:3    | Received a gift from Yredelemnul (a vampire knight)
 39941 | Elf:3    | Received a gift from Yredelemnul (a phantasmal warrior)
 40114 | Elf:3    | Received a gift from Yredelemnul (a phantasmal warrior)
 40506 | Elf:3    | Identified the +8 longbow "Ucrew" {freeze, Str+3} (You
                  | found it on level 3 of the Elven Halls)
 40553 | Elf:3    | Reached XP level 20. HP: 101/159 MP: 30/36
 40599 | Elf:3    | Reached skill level 13 in Unarmed Combat
 41073 | Orc:2    | Bought a book of Debilitation for 520 gold pieces
 41077 | Orc:2    | Learned a level 3 spell: Portal Projectile
 41239 | Vaults:1 | Entered Level 1 of the Vaults
 41276 | Vaults:1 | Received a gift from Yredelemnul (a profane servitor)
 41385 | Vaults:1 | You fall through a shaft!
 41395 | Vaults:2 | Received a gift from Yredelemnul (a phantasmal warrior)
 41510 | Vaults:2 | Received a gift from Yredelemnul (a flayed ghost)
 41757 | Vaults:2 | Found Idicvif's General Store.
 41769 | Vaults:2 | Bought a potion of heal wounds for 100 gold pieces
 41769 | Vaults:2 | Bought a scroll of blinking for 150 gold pieces
 41769 | Vaults:2 | Bought a scroll of identify for 40 gold pieces
 42526 | Vaults:2 | Received a gift from Yredelemnul (a phantasmal warrior)
 42714 | Vaults:2 | Received a gift from Yredelemnul (a vampire)
 43353 | Vaults:3 | Received a gift from Yredelemnul (a phantasmal warrior)
 43729 | Vaults:3 | Found a staircase to the Crypt.
 43858 | Vaults:3 | Reached skill level 14 in Unarmed Combat
 43864 | Vaults:3 | Received a gift from Yredelemnul (a vampire knight)
 44348 | Vaults:3 | Found Tipt's Book Shop.
 44380 | Vaults:3 | Received a gift from Yredelemnul (a skeletal warrior)
 44382 | Vaults:3 | Reached XP level 21. HP: 166/166 MP: 31/38
 44499 | Vaults:3 | Received a gift from Yredelemnul (a flayed ghost)
 45000 | Vaults:3 | Received a gift from Yredelemnul (a ghoul)
 45522 | Vaults:4 | Received a gift from Yredelemnul (a vampire)
 46015 | Vaults:4 | Received a gift from Yredelemnul (a flayed ghost)
 46094 | Vaults:4 | Reached skill level 15 in Fighting
 46094 | Vaults:4 | Reached skill level 15 in Armour
 46094 | Vaults:4 | Reached skill level 15 in Shields
 46106 | Vaults:4 | Noticed Mara
 46399 | Vaults:4 | Noticed vishdafish's illusion
 46410 | Vaults:4 | Killed Mara
 46410 | Vaults:4 | Reached skill level 15 in Invocations
 46697 | Vaults:4 | Received a gift from Yredelemnul (a vampire knight)
 47103 | Vaults:4 | Learned a level 5 spell: Borgnjor's Vile Clutch
 47243 | Vaults:1 | Received a gift from Yredelemnul (a ghoul)
 47245 | Vaults:1 | Reached skill level 15 in Unarmed Combat
 47467 | Vaults:1 | Received a gift from Yredelemnul (a flayed ghost)
 47475 | Vaults:1 | Reached XP level 22. HP: 83/175 MP: 4/40
 47566 | D:13     | You paid a toll of +6 ice dragon scales to enter a treasure
                  | trove
 47567 | Trove    | Entered a treasure trove
 47574 | Trove    | Identified the +6 plate armour of Beam {rCorr Dex-3 SInv}
                  | (You found it in a treasure trove)
 47599 | Trove    | Identified the +1 troll leather armour of the Sunfish
                  | {*Contam rC+ rN+ Regen+ Int+6} (You found it in a treasure
                  | trove)
 47610 | Trove    | Identified the cursed +1 arbalest of Yredelemnul's Favour
                  | {elec, rElec MP-9 Str+5} (You found it in a treasure trove)
 47612 | Trove    | Identified the +3 longbow of the Stork {flame, MR+} (You
                  | found it in a treasure trove)
 47634 | Trove    | Identified the cursed +0 leather armour "Duiffuem" {rPois
                  | Str+2 Int+6 Dex-4} (You found it in a treasure trove)
 47714 | Vaults:1 | Received a gift from Yredelemnul (a skeletal warrior)
 48845 | Shoals:1 | Entered Level 1 of the Shoals
 48926 | Shoals:1 | Received a gift from Yredelemnul (a flayed ghost)
 48964 | Shoals:1 | Received a gift from Yredelemnul (a flayed ghost)
 49043 | Shoals:1 | Found Ranos's Jewellery Shop.
 49063 | Shoals:1 | Bought the ring "Esykow" {rPois Dex+4 Slay+3 SInv} for 939
                  | gold pieces
 49117 | Shoals:1 | Found Xynen's Armour Shoppe.
 49127 | Shoals:1 | Bought a +2 cloak of magic resistance for 301 gold pieces
 49136 | Shoals:1 | Found Apagacs's Antique Armour Boutique.
 49179 | Shoals:1 | Received a gift from Yredelemnul (a bone dragon)
 49224 | Shoals:1 | Bought a topaz-encrusted chain mail for 332 gold pieces
 49224 | Shoals:1 | Identified the cursed +0 chain mail of Dail {rPois MR+
                  | SInv} (You bought it in a shop on level 1 of the Shoals)
 49486 | Shoals:1 | Found Ycihy's Assorted Antiques.
 49494 | Shoals:1 | Bought a potion of haste for 280 gold pieces
 49494 | Shoals:1 | Bought a potion of agility for 112 gold pieces
 49502 | Shoals:1 | Received a gift from Yredelemnul (a ghoul)
 49788 | Shoals:2 | Received a gift from Yredelemnul (a skeletal warrior)
 50286 | Shoals:2 | Reached skill level 15 in Long Blades
 50286 | Shoals:2 | Received a gift from Yredelemnul (a profane servitor)
 50788 | Shoals:3 | Found a transporter.
 50791 | Shoals:3 | Found a transporter.
 50794 | Shoals:3 | Received a gift from Yredelemnul (a bone dragon)
 50797 | Shoals:3 | Noticed adept's ghost (adept HOFi)
 50815 | Shoals:3 | Noticed Ilsuiw
 50826 | Shoals:3 | Killed Ilsuiw
 50975 | Shoals:3 | Received a gift from Yredelemnul (a flayed ghost)
 51303 | Shoals:3 | Killed adept's ghost
 51364 | Shoals:4 | Entered Level 4 of the Shoals
 51403 | Shoals:4 | Received a gift from Yredelemnul (a phantasmal warrior)
 51408 | Shoals:4 | Reached skill level 16 in Unarmed Combat
 51413 | Shoals:4 | Received a gift from Yredelemnul (a flayed ghost)
 51574 | Shoals:4 | Identified Wizardry, Part Two
 51705 | Shoals:4 | Got a barnacled rune of Zot
 51949 | Shoals:4 | Received a gift from Yredelemnul (a flayed ghost)
 52030 | Shoals:4 | Found Laniesi's General Store.
 52041 | Shoals:4 | Bought a scroll of identify for 32 gold pieces
 52041 | Shoals:4 | Bought a scroll of enchant weapon for 120 gold pieces
 52041 | Shoals:4 | Bought a potion of brilliance for 64 gold pieces
 52051 | Shoals:4 | Found the amulet of the Four Winds {rN+ MR+++ Clar}
 52376 | Slime:1  | Entered Level 1 of the Pits of Slime
 52399 | Slime:2  | Noticed Dissolution
 52538 | Slime:1  | Killed Dissolution
 52538 | Slime:1  | Enslaved Dissolution
 52579 | Slime:2  | Gained mutation: Your magical capacity is low. (-10% MP) [a
                  | shining eye]
 52582 | Slime:2  | Reached XP level 23. HP: 166/183 MP: 21/37
 52595 | Slime:2  | Your ally Dissolution died
 52598 | Slime:2  | Received a gift from Yredelemnul (a ghoul)
 52620 | Slime:1  | Received a gift from Yredelemnul (a flayed ghost)
 52626 | Slime:1  | Gained mutation: You tend to lose your temper in combat. [a
                  | shining eye]
 52820 | Slime:5  | Entered Level 5 of the Pits of Slime
 52940 | Slime:4  | Received a gift from Yredelemnul (a skeletal warrior)
 53266 | Slime:5  | Gained mutation: Your spells are a little easier to cast,
                  | but a little less powerful. [a shining eye]
 53506 | Slime:5  | Noticed the Royal Jelly
 53514 | Slime:5  | Killed the Royal Jelly
 53612 | Slime:5  | Found the +8 trident of the Octopus King {venom, rElec
                  | rPois MR+}
 53612 | Slime:5  | Found the +10 large shield of Ignorance {rN+ Int-4}
 53618 | Slime:5  | Identified the Collected Works on Air and Enhancements
 53621 | Slime:5  | Identified the cursed ring of Cuzedunk {rC+ Str+4 Dex-3}
                  | (You found it on level 5 of the Pits of Slime)
 53706 | Slime:5  | Found the +3 pair of gauntlets of War {Slay+5}
 53790 | Slime:5  | Got a slimy rune of Zot
 53978 | Slime:5  | Reached skill level 15 in Short Blades
 53978 | Slime:5  | Reached skill level 15 in Axes
 53978 | Slime:5  | Reached skill level 15 in Maces & Flails
 53978 | Slime:5  | Reached skill level 15 in Polearms
 53978 | Slime:5  | Reached skill level 15 in Staves
 53978 | Slime:5  | Reached skill level 15 in Slings
 53978 | Slime:5  | Reached skill level 15 in Bows
 53978 | Slime:5  | Reached skill level 15 in Crossbows
 53978 | Slime:5  | Reached skill level 15 in Throwing
 53978 | Slime:5  | Reached skill level 15 in Dodging
 53978 | Slime:5  | Reached skill level 15 in Stealth
 53978 | Slime:5  | Reached skill level 15 in Spellcasting
 53978 | Slime:5  | Reached skill level 15 in Evocations
 54395 | Lair:6   | Lost mutation: Your magical capacity is low. (-10% MP)
                  | [potion of mutation]
 54395 | Lair:6   | Lost mutation: You tend to lose your temper in combat.
                  | [potion of mutation]
 54395 | Lair:6   | Gained mutation: Your muscles are strong. (Str +2) [potion
                  | of mutation]
 54395 | Lair:6   | Gained mutation: You expend magic power (3 MP) to
                  | strengthen your wands. [potion of mutation]
 54398 | Lair:6   | Lost mutation: You expend magic power (3 MP) to strengthen
                  | your wands. [potion of mutation]
 54398 | Lair:6   | Lost mutation: Your spells are a little easier to cast, but
                  | a little less powerful. [potion of mutation]
 54398 | Lair:6   | Lost mutation: You are partially covered in molten scales.
                  | (AC +2) [potion of mutation]
 54398 | Lair:6   | Lost mutation: Your muscles are strong. (Str +2) [potion of
                  | mutation]
 54398 | Lair:6   | Gained mutation: You are robust. (+10% HP) [potion of
                  | mutation]
 54932 | Vaults:5 | Entered Level 5 of the Vaults
 54975 | Vaults:4 | Received a gift from Yredelemnul (a phantasmal warrior)
 55372 | Vaults:5 | Reached skill level 17 in Unarmed Combat
 55384 | Vaults:5 | Identified the cursed +1 robe of Kazoir {rN+}
 55689 | Vaults:5 | Reached XP level 24. HP: 202/209 MP: 42/42
 55689 | Vaults:5 | Received a gift from Yredelemnul (a skeletal warrior)
 55782 | Vaults:5 | Received a gift from Yredelemnul (a vampire knight)
 55810 | Vaults:5 | Identified the amulet "Naplu" {Reflect *Slow +Blink rF-
                  | Int+6 SH+4} (You acquired it on level 5 of the Vaults)
 55907 | Vaults:5 | Received a gift from Yredelemnul (a profane servitor)
 56204 | Vaults:5 | Got a silver rune of Zot
 56426 | Vaults:5 | Received a gift from Yredelemnul (a profane servitor)
 56667 | Vaults:5 | Noticed an ancient lich
 56675 | Vaults:5 | Killed an ancient lich
 57379 | Hell     | Entered the Vestibule of Hell
 57379 | Hell     | Noticed Geryon
 57396 | Hell     | Killed Geryon
 57420 | Hell     | Received a gift from Yredelemnul (a skeletal warrior)
 57719 | Hell     | Found a gateway to the freezing wastes of Cocytus.
 57896 | Hell     | Found a gateway to the Iron City of Dis.
 57949 | Hell     | Found a gateway to the ashen valley of Gehenna.
 57988 | Hell     | Received a gift from Yredelemnul (a ghoul)
 58027 | Hell     | Found a gateway to the decaying netherworld of Tartarus.
 58392 | Depths:3 | Received a gift from Yredelemnul (a bone dragon)
 58471 | Depths:3 | Received a gift from Yredelemnul (a phantasmal warrior)
 58729 | Depths:3 | Reached skill level 18 in Unarmed Combat
 58929 | Depths:3 | Noticed a caustic shrike
 58938 | Depths:3 | Killed a caustic shrike
 59030 | Depths:4 | Reached XP level 25. HP: 199/219 MP: 38/42
 59088 | Depths:4 | Noticed Xtahua
 59096 | Depths:4 | Killed Xtahua
 59098 | Depths:4 | Received a gift from Yredelemnul (a skeletal warrior)
 59104 | Depths:4 | Found a one-way gate to the infinite horrors of the Abyss.
 59125 | Depths:4 | Received a gift from Yredelemnul (a ghoul)
 59461 | Depths:4 | Found a gateway to a ziggurat.
 59507 | Depths:4 | Received a gift from Yredelemnul (a skeletal warrior)
 59827 | Depths:4 | Received a gift from Yredelemnul (a vampire knight)
 59907 | Depths:4 | Received a gift from Yredelemnul (a flayed ghost)
 60050 | Depths:4 | Received a gift from Yredelemnul (a profane servitor)
 60161 | Depths:4 | Found the +0 sword of Power
 60170 | Depths:4 | Identified the Handbook of Execration
 60275 | Depths:4 | Received a gift from Yredelemnul (a ghoul)
 60282 | Depths:4 | Identified Likis's Papyrus of Virous Air
 60413 | Depths:4 | Identified the ring "Tedumuna" {Ice +Blink Int-3 Dex+5
                  | SInv} (You found it on level 4 of the Depths)
 60414 | Depths:4 | Identified Saowof's Incunabulum of the Compass and Poison
 60422 | Depths:4 | Learned a level 2 spell: Blink
 60424 | Depths:4 | Learned a level 1 spell: Apportation
 60428 | Depths:4 | Learned a level 3 spell: Tukima's Dance
 60958 | Crypt:1  | Entered Level 1 of the Crypt
 61233 | Crypt:1  | Received a gift from Yredelemnul (a phantasmal warrior)
 61273 | Crypt:1  | Learned a level 4 spell: Passage of Golubria
 61409 | Crypt:1  | Noticed Aizul
 61420 | Crypt:1  | Killed Aizul
 61439 | Crypt:1  | Reached skill level 19 in Unarmed Combat
 61509 | Crypt:1  | Reached XP level 26. HP: 227/227 MP: 43/43
 61519 | Crypt:1  | Received a gift from Yredelemnul (a phantasmal warrior)
 61958 | Crypt:2  | Received a gift from Yredelemnul (a vampire)
 62430 | Crypt:3  | Entered Level 3 of the Crypt
 62736 | Crypt:3  | Received a gift from Yredelemnul (a profane servitor)
 63217 | Crypt:3  | Found a basalt altar of Yredelemnul.
 63227 | Crypt:3  | Found an ancient bone altar of Kikubaaqudgha.
 63231 | Crypt:3  | Found the cursed +13 scythe of Curses {drain, *Curse}
 63237 | Crypt:3  | Identified the Collected Works on the Frostbite
 63277 | Crypt:3  | Identified Joir's Incunabulum of Heat and Aid
 63346 | Crypt:3  | Found a staircase to the Tomb.
 63715 | Tomb:1   | Entered Level 1 of the Tomb of the Ancients
 63724 | Tomb:1   | Received a gift from Yredelemnul (a flayed ghost)
 64073 | Tomb:1   | Received a gift from Yredelemnul (a bone dragon)
 64150 | Tomb:1   | Noticed Sojobo
 64161 | Tomb:1   | Killed Sojobo
 64278 | Tomb:1   | Received a gift from Yredelemnul (a vampire knight)
 64324 | Tomb:1   | Noticed a greater mummy
 64324 | Tomb:1   | Noticed a greater mummy
 64332 | Tomb:1   | Killed a greater mummy
 64332 | Tomb:1   | Killed a greater mummy
 65572 | Depths:5 | Entered Level 5 of the Depths
 66174 | Depths:5 | Reached XP level 27. HP: 129/232 MP: 43/43
 66278 | Depths:5 | Received a gift from Yredelemnul (a vampire knight)
 66613 | Depths:5 | Reached skill level 20 in Unarmed Combat
 67016 | Depths:5 | Found a gate to the Realm of Zot.
 67143 | Depths:5 | Received a gift from Yredelemnul (a flayed ghost)
 68079 | Zot:1    | Entered Level 1 of the Realm of Zot
 68393 | Zot:1    | You fall through a shaft!
 68579 | Zot:2    | Received a gift from Yredelemnul (a ghoul)
 68734 | Zot:2    | Received a gift from Yredelemnul (a phantasmal warrior)
 69443 | Zot:2    | Reached skill level 15 in Conjurations
 69443 | Zot:2    | Reached skill level 15 in Hexes
 69443 | Zot:2    | Reached skill level 15 in Charms
 69443 | Zot:2    | Reached skill level 15 in Summonings
 69443 | Zot:2    | Reached skill level 15 in Necromancy
 69443 | Zot:2    | Reached skill level 15 in Translocations
 69443 | Zot:2    | Reached skill level 15 in Transmutations
 69443 | Zot:2    | Reached skill level 15 in Fire Magic
 69443 | Zot:2    | Reached skill level 15 in Ice Magic
 69443 | Zot:2    | Reached skill level 15 in Air Magic
 69443 | Zot:2    | Reached skill level 15 in Earth Magic
 69443 | Zot:2    | Reached skill level 15 in Poison Magic
 70488 | Zot:3    | Received a gift from Yredelemnul (a vampire)
 70874 | Zot:3    | Received a gift from Yredelemnul (a profane servitor)
 70910 | Zot:3    | Identified the +3 pair of gloves of Kleptomania {rPois
                  | Str-3 Int+3 Dex+3} (You found it on level 3 of the Realm of
                  | Zot)
 70916 | Zot:3    | Identified the amulet "Teoshrien" {Acrobat +Blink rC+++
                  | Int-3 Slay-6} (You acquired it on level 3 of the Realm of
                  | Zot)
 71402 | Zot:4    | Received a gift from Yredelemnul (a skeletal warrior)
 71496 | Zot:4    | Reached skill level 21 in Unarmed Combat
 72100 | Zot:4    | Found a transporter.
 72498 | Zot:4    | Received a gift from Yredelemnul (a skeletal warrior)
 72587 | Zot:4    | Identified the Compendium of Confrontation
 72760 | Zot:4    | Found a transporter.
 72805 | Zot:4    | Identified the cursed +0 cloak of the Distant Future
                  | {Str+2}
 72984 | Zot:4    | Identified the ring "Waujur" {*Drain +Fly Str+3 Int+3}
 73027 | Zot:4    | Received a gift from Yredelemnul (a flayed ghost)
 73074 | Zot:4    | Killed from afar by a storm dragon

Skill      XL: |  1  2  3  4  5  6  7  8  9 10 11 12 13 14 15 16 17 18 19 20 21 22 23 24 25 26 27 |
---------------+----------------------------------------------------------------------------------+-----
Short Blades   | 1 2 3 4 5 6 7 8 9 10 11 12 13 14 15 16 18 | 18.0
Axes           | 1 2 3 4 5 6 7 8 9 10 11 12 13 14 15 16 18 | 18.0
Maces & Flails | 1 2 3 4 5 6 7 8 9 10 11 12 13 14 15 16 18 | 18.0
Polearms       | 1 2 3 4 5 6 7 8 9 10 11 12 13 14 15 16 18 | 18.0
Staves         | 1 2 3 4 5 6 7 8 9 10 11 12 13 14 15 16 18 | 18.0
Slings         | 1 2 3 4 5 6 7 8 9 10 11 12 13 14 15 16 18 | 18.0
Bows           | 1 2 3 4 5 6 7 8 9 10 11 12 13 14 15 16 18 | 18.0
Crossbows      | 1 2 3 4 5 6 7 8 9 10 11 12 13 14 15 16 18 | 18.0
Throwing       | 1 2 3 4 5 6 7 8 9 10 11 12 13 14 15 16 18 | 18.0
Dodging        | 1 2 3 4 5 6 7 8 9 10 11 12 13 14 15 16 18 | 18.0
Stealth        | 1 2 3 4 5 6 7 8 9 10 11 12 13 14 15 16 18 | 18.0
Unarmed Combat | 1 2 3 4 5 6 7 8 9 10 11 12 14 15 16 17 18 19 21 | 21.5
Spellcasting   | 1 2 3 4 5 6 7 8 9 10 11 12 13 14 15 16 18 | 18.0
Conjurations   | 1 2 3 4 5 6 7 8 9 10 11 12 13 14 15 | 15.5
Hexes          | 1 2 3 4 5 6 7 8 9 10 11 12 13 14 15 | 15.5
Charms         | 1 2 3 4 5 6 7 8 9 10 11 12 13 14 15 | 15.5
Summonings     | 1 2 3 4 5 6 7 8 9 10 11 12 13 14 15 | 15.5
Necromancy     | 1 2 3 4 5 6 7 8 9 10 11 12 13 14 15 | 15.5
Translocations | 1 2 3 4 5 6 7 8 9 10 11 12 13 14 15 | 15.5
Transmutations | 1 2 3 4 5 6 7 8 9 10 11 12 13 14 15 | 15.5
Fire Magic     | 1 2 3 4 5 6 7 8 9 10 11 12 13 14 15 | 15.5
Ice Magic      | 1 2 3 4 5 6 7 8 9 10 11 12 13 14 15 | 15.5
Air Magic      | 1 2 3 4 5 6 7 8 9 10 11 12 13 14 15 | 15.5
Earth Magic    | 1 2 3 4 5 6 7 8 9 10 11 12 13 14 15 | 15.5
Poison Magic   | 1 2 3 4 5 6 7 8 9 10 11 12 13 14 15 | 15.5
Invocations    | 1 2 3 4 5 6 7 8 9 10 11 12 13 14 15 16 17 18 19 | 19.4
Evocations     | 1 2 3 4 5 6 7 8 9 10 11 12 13 14 15 16 18 | 18.0
Long Blades    | 5 6 7 8 9 10 11 12 13 14 15 16 17 18 20 | 20.5
Fighting       | 7 8 9 10 11 12 13 14 15 16 17 18 | 18.8
Armour         | 7 8 9 10 11 12 13 14 15 16 17 18 | 18.8
Shields        | 7 8 9 10 11 12 13 14 15 16 17 18 | 18.8

Action                   |  1- 3 |  4- 6 |  7- 9 | 10-12 | 13-15 | 16-18 | 19-21 | 22-24 | 25-27 || total
-------------------------+-------+-------+-------+-------+-------+-------+-------+-------+-------++-------
Melee: Long sword        |    55 |   159 |   560 |   466 |       |       |       |       |       ||  1240
       Bite              |     5 |    17 |    74 |   150 |   221 |   167 |   163 |   188 |   317 ||  1302
       Trident           |       |       |       |   721 |   731 |   107 |    29 |       |       ||  1588
       Scimitar          |       |       |       |       |   825 |   870 |       |       |       ||  1695
       Great sword       |       |       |       |       |    22 |       |       |       |       ||    22
       War axe           |       |       |       |       |       |    22 |   349 |       |       ||   371
       Double sword      |       |       |       |       |       |       |   648 |   945 |  1671 ||  3264
       Punch             |       |       |       |       |       |       |    65 |    20 |     8 ||    93
 Fire: Triple crossbow   |       |       |       |       |       |       |   206 |   265 |   149 ||   620
Throw: Throwing net      |       |       |       |     2 |       |       |       |     1 |       ||     3
       Javelin           |       |       |       |       |     8 |    47 |     9 |    17 |    74 ||   155
 Cast: Airstrike         |       |       |       |       |       |    23 |     1 |       |     3 ||    27
       Regeneration      |       |       |       |       |       |    13 |    16 |     9 |    30 ||    68
       Swiftness         |       |       |       |       |       |     1 |     2 |       |     1 ||     4
       Song of Slaying   |       |       |       |       |       |     2 |     1 |     2 |     4 ||     9
       Silence           |       |       |       |       |       |     1 |     3 |       |       ||     4
       Portal Projectile |       |       |       |       |       |       |    30 |    40 |    26 ||    96
       Blink             |       |       |       |       |       |       |       |       |     6 ||     6
       Passage of Golubr |       |       |       |       |       |       |       |       |     2 ||     2
Invok: Animate Dead      |       |       |       |     8 |    70 |    26 |    24 |    14 |    11 ||   153
       Recall Undead Sla |       |       |       |     1 |     6 |     1 |     8 |    10 |     2 ||    28
       Drain Life        |       |       |       |       |     6 |       |     5 |    10 |     8 ||    29
       Injury Mirror     |       |       |       |       |     1 |       |       |       |       ||     1
       Enslave Soul      |       |       |       |       |       |       |     1 |     1 |       ||     2
Evoke: Wand              |       |       |       |    23 |    21 |     7 |    25 |     1 |     3 ||    80
       Lamp of fire      |       |       |       |       |     2 |     1 |     3 |     2 |     2 ||    10
       Box of beasts     |       |       |       |       |     1 |       |     1 |       |       ||     2
       Sack of spiders   |       |       |       |       |       |     1 |       |     2 |     2 ||     5
       Phial of floods   |       |       |       |       |       |       |     2 |       |       ||     2
  Use: Potion            |     1 |       |     7 |     9 |     5 |     1 |     2 |     6 |     2 ||    33
       Scroll            |       |     6 |     2 |    15 |    17 |    13 |     9 |    17 |    15 ||    94
 Stab: Sleeping          |       |       |       |     7 |    21 |    41 |    24 |    21 |    22 ||   136
       Distracted        |       |       |       |     4 |    28 |    31 |    27 |    45 |    60 ||   195
       Paralysed         |       |       |       |       |       |     3 |     4 |       |     7 ||    14
       Held in net/web   |       |       |       |       |       |       |       |     2 |       ||     2
  Eat: Chunk             |       |     4 |     4 |    17 |    16 |    14 |    18 |     9 |     5 ||    87
       Ration            |       |       |     4 |    11 |    14 |     9 |    10 |    11 |    16 ||    75
Armor: Scale mail        |    25 |    67 |   184 |   321 |   403 |   169 |   303 |   232 |       ||  1704
       Skin              |       |       |    15 |    28 |       |       |       |       |       ||    43
       Shadow dragon sca |       |       |       |       |       |       |       |   123 |   356 ||   479
       Gold dragon scale |       |       |       |       |       |       |       |       |   323 ||   323
Dodge: Dodged            |    16 |    58 |   251 |   559 |   861 |   538 |   896 |   840 |   752 ||  4771
Block: Shield            |    38 |    95 |   444 |   732 |  1074 |   580 |   198 |   226 |       ||  3387
       Large shield      |       |       |       |       |       |       |       |   677 |  2202 ||  2879
       Rpst.: Long sword |     2 |    15 |    68 |    44 |       |       |       |       |       ||   129
       Scimitar          |       |       |       |       |   106 |    85 |       |       |       ||   191
       Great sword       |       |       |       |       |     4 |       |       |       |       ||     4
       Double sword      |       |       |       |       |       |       |   133 |    95 |    93 ||   321
